 Dungeon Crawl Stone Soup version 0.28.0 (webtiles) character file.

Game seed: 18271870917174399342

775 Crownlay the Cleaver (level 7, -6/68 HPs)
             Began as a Hill Orc Fighter on Feb 11, 2022.
             Was an Initiate of Cheibriados.
             Mangled by an orc warrior (15 damage)
             ... on level 5 of the Dungeon.
             The game lasted 00:04:37 (4391 turns).

Crownlay the Cleaver (Hill Orc Fighter)             Turns: 4391, Time: 00:04:37

Health: -6/68      AC:  9    Str: 20    XL:     7   Next: 84%
Magic:  7/7        EV:  9    Int:  9    God:    Cheibriados [......]
Gold:   338        SH:  5    Dex: 19    Spells: 6/6 levels left

rFire   . . .      SeeInvis .   a - +0 war axe
rCold   . . .      Faith    .   c - +0 buckler
rNeg    + . .      Spirit   .   b - +0 scale mail
rPois   .          Reflect  .   (no helmet)
rElec   .          Harm     .   n - +1 cloak {Stlth+}
rCorr   .          Rampage  .   (no gloves)
Will    .....                   (no boots)
Stlth   +.........              (no amulet)
HPRegen 0.21/turn               e - +6 ring of dexterity
MPRegen 0.10/turn               A - ring of positive energy

@: very slow
A: no striking features
a: Renounce Religion


You were on level 5 of the Dungeon.
You worshipped Cheibriados.
Cheibriados was noncommittal.
You visited 1 branch of the dungeon, and saw 5 of its levels.
You also visited: Sewer.

You collected 338 gold pieces.

Inventory:

Hand Weapons
 a - a +0 war axe (weapon)
 o - the +5 mace of Xokheex {distort, Int+4}
   (You found it on level 2 of the Dungeon)

   It warps and distorts space around it, and may blink, banish, or inflict
   extra damage upon those it strikes.
   Unwielding it can cause banishment or high damage.
   Int:       It affects your intelligence (+4).
Missiles
 h - a throwing net (quivered)
Armour
 b - a +0 scale mail (worn)
 c - a +0 buckler (worn)
 n - a +1 cloak of stealth (worn)
 s - a +0 plate armour
Jewellery
 e - a +6 ring of dexterity (left hand)
 A - a ring of positive energy (right hand)
Wands
 z - a wand of paralysis (1)
Scrolls
 f - a scroll of silence {unknown}
 j - 3 scrolls of teleportation
 l - a scroll of fog
 p - a scroll of vulnerability {unknown}
 q - a scroll of enchant weapon {unknown}
 r - a scroll of amnesia {unknown}
 t - 2 scrolls of enchant armour
 v - a scroll of brand weapon
 y - 3 scrolls of identify
Potions
 d - a potion of might
 g - 2 potions of brilliance {unknown}
 i - a potion of mutation {unknown}
 k - 2 potions of curing
 m - a potion of flight {unknown}
 u - 2 potions of resistance {unknown}
 w - a potion of invisibility {unknown}
 x - a potion of berserk rage {unknown}


   Skills:
 + Level 8.0 Fighting
 + Level 8.2 Axes
 - Level 3.2 Armour
 - Level 3.2 Shields


You had 6 spell levels left.
You didn't know any spells.
Your spell library contained the following spells:

 Spells                   Type           Power      Damage    Failure   Level
 Ignite Poison            Fire/Tmut/Pois 0%         N/A       99%         3
 Dragon Form              Tmut           0%         N/A       100%        7


Dungeon Overview and Level Annotations

Branches:
Dungeon (5/15)              Sewer (visited)
 Temple: D:4-7

Altars:
Cheibriados
Fedhas
Ru

Shops:
D:2 !


Message History

You slash the orc!
You kill the orc!
Cheibriados thoroughly appreciates the change of pace.
You barely miss the orc. You block the orc warrior's attack.
The orc hits you but does no damage.
The orc hits you from afar with a +0 trident.
You hit the orc.
The orc is heavily wounded.
The orc warrior hits you from afar with a +0 trident!
You block the orc's attack. x2
You slash the orc!
You kill the orc!
Cheibriados thoroughly appreciates the change of pace.
The orc warrior misses you.
The orc hits you from afar with a +0 trident.
The orc warrior hits you from afar with a +0 trident!
You block the orc's attack. The orc warrior barely misses you.
The orc misses you.
Things that are here:
a +3 whip; a +0 flail; an orc corpse You closely miss the orc warrior.
You hit the orc.
The orc warrior hits you with a +0 trident!
The orc hits you but does no damage.
You are too injured to fight recklessly!
You are too injured to fight recklessly!
You are too injured to fight recklessly!
You are too injured to fight recklessly!
You are too injured to fight recklessly!
You hit the orc warrior.
The orc warrior is lightly wounded.
You hit the orc but do no damage.
The orc warrior hits you with a +0 trident!
* * * LOW HITPOINT WARNING * * *
The orc hits you with a +0 trident!
* * * LOW HITPOINT WARNING * * *
You slash the orc warrior!
The orc warrior is heavily wounded.
You barely miss the orc.
The orc warrior hits you with a +0 trident!
You die...

####+##...........#
#......#.....#######
#.....####'###
.....##.....#
#....##.....#
#....##.....#
#....#......#
#.?oo#......#
#..)@#.(....#
#.(..#......#
+....#)))...#
##......##+##
######......#
#......# #......#
#......# #....(.#


You could see an orc warrior and an orc.

Vanquished Creatures
  A water moccasin (Sewer)
  A black bear (D:4)
  A sky beast (D:5)
  3 hounds
  An orc priest (D:5)
  A jelly (D:4)
  Crazy Yiuf (D:2)
  Jessica (D:2)
  Natasha (twice) (D:2)
  An orc wizard (D:4)
  4 gnolls (D:2)
  6 adders
  3 river rats (D:4)
  An ufetubus (D:4)
  An adder skeleton (D:4)
  A worm (D:4)
  16 orcs
  4 ball pythons
  6 endoplasms
  5 giant cockroaches
  5 goblins
  7 hobgoblins
  5 jackals
  3 kobolds
  A quokka (D:1)
  3 bats (D:1)
  2 frilled lizards (D:3)
  5 rats
91 creatures vanquished.

Vanquished Creatures (others)
  8 plants (D:1)
8 creatures vanquished.

Grand Total: 99 creatures vanquished

Notes
Turn   | Place    | Note
-------+----------+-------------------------------------------
     0 | D:1      | Crownlay the Hill Orc Fighter began the quest for the Orb.
     0 | D:1      | Reached XP level 1. HP: 19/19 MP: 1/1
    19 | D:1      | Got the Collected Works on Shape Shifting
   150 | D:1      | Reached XP level 2. HP: 20/27 MP: 2/2
   875 | D:2      | Reached XP level 3. HP: 34/34 MP: 3/3
   968 | D:2      | Reached XP level 4. HP: 21/41 MP: 4/4
  1138 | D:2      | Noticed Jessica
  1140 | D:2      | Found Bimiduta's Distillery.
  1144 | D:2      | Reached skill level 5 in Fighting
  1147 | D:2      | Killed Jessica
  1380 | D:2      | Noticed Natasha
  1388 | D:2      | Killed Natasha
  1389 | D:2      | Reached skill level 5 in Axes
  1389 | D:2      | Reached XP level 5. HP: 30/48 MP: 5/5
  1884 | D:2      | Noticed Natasha
  1890 | D:2      | Killed Natasha
  1910 | D:2      | Found a runed translucent door.
  1918 | D:2      | Identified the +5 mace of Xokheex {distort, Int+4}
  1922 | D:2      | Noticed Crazy Yiuf
  1946 | D:2      | Killed Crazy Yiuf
  2614 | D:3      | Reached XP level 6. HP: 57/57 MP: 6/6
  3125 | D:4      | Found a blossoming altar of Fedhas.
  3150 | D:4      | Noticed a black bear
  3154 | D:4      | Killed a black bear
  3297 | D:4      | Found a glowing drain.
  3320 | Sewer    | Entered a sewer
  3399 | Sewer    | Noticed a water moccasin
  3414 | Sewer    | Killed a water moccasin
  3415 | Sewer    | Reached XP level 7. HP: 44/66 MP: 7/7
  3993 | D:5      | Entered Level 5 of the Dungeon
  4132 | D:5      | Found a sacrificial altar of Ru.
  4141 | D:5      | Found a snail-covered altar of Cheibriados.
  4177 | D:5      | Became a worshipper of Cheibriados the Contemplative
  4391 | D:5      | Mangled by an orc warrior

Illustrated notes

Levels and vault maps discovered:
D:1:      amcnicky_arrival_abandoned_market, layout_loops_cross,
          serial_bayou_lagoon_a, minmay_misc_feat_iff
D:2:      layout_basic, serial_shops, shop, uniq_jessica, uniq_natasha,
          uniq_crazy_yiuf_cottage
D:3:      layout_basic
D:4:      layout_cave_pods, mainiacjoe_overflow_24_doors, portal_sewer_entry_a
D:5:      layout_gridville, yredelemnul_forgotten_temple_becter,
          mainiacjoe_overflow_swirl, serial_shops, kennysheep_little_box,
          minmay_misc_feat_square, uniq_duvessa

Skill      XL: |  1  2  3  4  5  6  7 |
---------------+----------------------+-----
Axes           | 3 4 5 7 8 |  8.2
Fighting       | 4 5 6 7 8 |  8.0
Armour         | |  3.2
Shields        | |  3.2

Action                   |  1- 3 |  4- 6 |  7- 9 || total
-------------------------+-------+-------+-------++-------
Melee: War axe           |    66 |   151 |    68 ||   285
Throw: Throwing net      |       |     1 |       ||     1
  Use: Scroll            |       |       |     5 ||     5
 Stab: Distracted        |       |       |     1 ||     1
Armor: Scale mail        |    31 |    53 |    38 ||   122
Dodge: Dodged            |    27 |    55 |    38 ||   120
Block: Buckler           |    25 |    40 |    27 ||    92
